 Dungeon Crawl Stone Soup version 0.27.0-1-g7a089689b8 (webtiles) character file.

Game seed: 5136366256032544880

114 Leibowitz the Covered (level 4, -5/41 HPs)
             Began as a Minotaur Fighter on Aug 11, 2021.
             Slain by a gnoll (10 damage)
             ... on level 3 of the Dungeon.
             The game lasted 00:02:48 (1797 turns).

Leibowitz the Covered (Minotaur Fighter)            Turns: 1797, Time: 00:02:49

Health: -5/41      AC: 12    Str: 21    XL:     4   Next: 67%
Magic:  3/3        EV:  4    Int:  5    God:
Gold:   131        SH:  9    Dex: 10    Spells: 3/3 levels left

rFire    . . .     SeeInvis .   a - +0 long sword
rCold    . . .     Faith    .   c - +0 kite shield
rNeg     . . .     Spirit   .   f - +0 plate armour
rPois    .         Reflect  .   (helmet restricted)
rElec    .         Harm     .   (no cloak)
rCorr    .         Rampage  .   (no gloves)
Will     .....                  (no boots)
Stlth    ..........             (no amulet)
HPRegen  0.13/turn              (no ring)
MPRegen  0.08/turn              (no ring)

@: no status effects
A: horns 2, retaliatory headbutt
a: no special abilities


You were on level 3 of the Dungeon.
You visited 1 branch of the dungeon, and saw 3 of its levels.

You collected 131 gold pieces.

Inventory:

Hand Weapons
 a - a +0 long sword (weapon)
Armour
 c - a +0 kite shield (worn)
 f - a +0 plate armour (worn)
Scrolls
 g - 3 scrolls of identify {unknown}
 i - 2 scrolls of fear {unknown}
 j - a scroll of enchant weapon {unknown}
 k - 2 scrolls of brand weapon {unknown}
 l - a scroll of holy word {unknown}
 m - a scroll of amnesia {unknown}
Potions
 b - 4 potions of degeneration {unknown}
 d - a potion of might
 e - a potion of lignification {unknown}
 h - 2 potions of heal wounds {unknown}
 n - a potion of curing {unknown}


   Skills:
 + Level 4.4 Fighting
 + Level 3.8 Long Blades
 + Level 4.5 Armour
 + Level 0.4 Dodging
 + Level 4.4 Shields


You had 3 spell levels left.
You didn't know any spells.
Your spell library was empty.

Dungeon Overview and Level Annotations

Branches:
Dungeon (3/15)

Altars:


Innate Abilities, Weirdness & Mutations

You have a pair of horns on your head.
You reflexively headbutt those who attack you in melee.


Message History

The gnoll is heavily wounded.
The gnoll hits you with a +0 club. You block the gnoll's attack.
You slash the gnoll!
You kill the gnoll!
The gnoll hits you but does no damage.
The gnoll hits you from afar with a +0 halberd.
You hit the gnoll but do no damage. You headbutt the gnoll!
You kill the gnoll!
You block the gnoll's attack.
You see here a +0 halberd.
The gnoll hits you with a +0 halberd.
You closely miss the gnoll. You block the gnoll's attack.
You barely miss the gnoll. You block the gnoll's attack.
The gnoll hits you with a +0 halberd.
You hit the gnoll but do no damage. The gnoll hits you with a +0 halberd!
You slash the gnoll!
The gnoll is heavily wounded.
The gnoll hits you with a +0 halberd.
* * * LOW HITPOINT WARNING * * *
You block the gnoll's attack.
You hit the gnoll.
The gnoll is severely wounded.
You block the gnoll's attack.
You hit the gnoll but do no damage.
The gnoll is severely wounded.
You block the gnoll's attack. x2
You closely miss the gnoll. Your headbutt misses the gnoll.
The gnoll is severely wounded.
The gnoll hits you with a +0 halberd.
* * * LOW HITPOINT WARNING * * *
Your plate armour prevents you from hitting the gnoll.
The gnoll is severely wounded.
You block the gnoll's attack.
You hit the gnoll but do no damage. Your headbutt misses the gnoll.
The gnoll is severely wounded.
You block the gnoll's attack. x2
You barely miss the gnoll. You headbutt the gnoll.
The gnoll is almost dead.
The gnoll hits you with a +0 halberd!
You die...

.... #............#####
....##......#####.....#
......................#
...#................#..#
....##............##...#
....#.#..........#.#...#
.....#.##......##.#....#
......##g#)...#.##.....#
......#g#@####.#.#.....#
#.....(#)##..##.#......#
#.......##....##.......#
#.........g...)........#
#................(.....#
#.......##g.$.##.......#
#......#.##..##.#......#
#.....# # ####.#.#.....#
#..... # # .....#


You could see a gnoll.

Vanquished Creatures
  Robin (D:3)
  3 gnolls (D:3)
  A worm (D:2)
  3 dart slugs
  2 bats
  5 endoplasms
  A giant cockroach (D:2)
  13 goblins
  4 hobgoblins
  9 jackals
  2 quokkas
  3 ball pythons (D:1)
  3 frilled lizards
  8 kobolds
  4 rats
62 creatures vanquished.

Notes
Turn   | Place    | Note
-------+----------+-------------------------------------------
     0 | D:1      | Leibowitz the Minotaur Fighter began the quest for the Orb.
     0 | D:1      | Reached XP level 1. HP: 19/19 MP: 0/0
   162 | D:1      | Reached XP level 2. HP: 27/27 MP: 1/1
   647 | D:2      | Reached XP level 3. HP: 33/33 MP: 2/2
  1346 | D:3      | Noticed Robin
  1554 | D:2      | Reached XP level 4. HP: 35/41 MP: 3/3
  1602 | D:3      | Killed Robin
  1797 | D:3      | Slain by a gnoll

Illustrated notes

Levels and vault maps discovered:
D:1:      shiori_arrival_maze, layout_loops_cross, minmay_ruptured
D:2:      layout_basic, corexii_leaking_fountain
D:3:      layout_basic, shapermc_ecumenical_altar_petra, serial_park_tiny_1,
          minmay_misc_feat_secret_circle, uniq_robin

Skill      XL: |  1  2  3 |
---------------+----------+-----
Armour         | 4 |  4.5
Fighting       | 4 |  4.4
Shields        | 4 |  4.4
Long Blades    | 3 |  3.8
Dodging        | |  0.4

Action                   |  1- 3 |  4- 6 || total
-------------------------+-------+-------++-------
Melee: Long sword        |   106 |    26 ||   132
       Headbutt          |    15 |     5 ||    20
Armor: Scale mail        |    11 |       ||    11
       Plate armour      |    59 |    12 ||    71
Dodge: Dodged            |    29 |     5 ||    34
Block: Kite shield       |    72 |    16 ||    88
       Rpst.: Long sword |     7 |     1 ||     8
